 Dungeon Crawl Stone Soup version 0.26.1-15-g04117e645d (webtiles) character file.

Game seed: 3976843436642295268

49 Froggeryz the Chopper (level 3, -4/39 HPs)
             Began as an Octopode Berserker on Mar 6, 2022.
             Was a Believer of Trog.
             Slain by a gnoll
             ... wielding a +0 spear
              (5 damage)
             ... on level 2 of the Dungeon.
             The game lasted 00:00:39 (1364 turns).

Froggeryz the Chopper (Octopode Berserker)          Turns: 1364, Time: 00:00:40

Health: -4/39      AC:  1    Str: 16    XL:     3   Next: 75%
Magic:  3/3        EV: 14    Int:  9    God:    Trog [**....]
Gold:   36         SH:  0    Dex: 12    Spells: 2/2 levels left

rFire    . . .     SeeInvis .   a - +0 hand axe
rCold    . . .     Faith    .   (no shield)
rNeg     . . .     Spirit   .   (helmet restricted)
rPois    .         Reflect  .   (no amulet)
rElec    .         Harm     .   (no ring)
rCorr    .         Rampage  .   (no ring)
Will     .....                  (no ring)
Stlth    ..........             (no ring)
HPRegen  0.13/turn              (no ring)
MPRegen  0.08/turn              (no ring)
                                (no ring)
                                (no ring)

@: berserking, very quick
A: almost no armour, stealthy swim, amphibious, 8 rings, constrict 8, camouflage
1, gelatinous body 1
a: Renounce Religion, Berserk, Trog's Hand


You were on level 2 of the Dungeon.
You worshipped Trog.
Trog was pleased with you.
You visited 1 branch of the dungeon, and saw 2 of its levels.

You collected 36 gold pieces.

Inventory:

Hand Weapons
 a - a +0 hand axe (weapon)
Scrolls
 b - 2 scrolls of teleportation {unknown}
 d - a scroll of identify {unknown}
 f - a scroll of fog {unknown}
 g - a scroll of magic mapping {unknown}
 h - a scroll of remove curse {unknown}
 i - a scroll of enchant weapon {unknown}
Potions
 c - 2 potions of degeneration {unknown}
 e - a potion of brilliance {unknown}


   Skills:
 - Level 3.0 Fighting
 * Level 4.6 Axes
 - Level 3.0 Dodging


You had 2 spell levels left.
You didn't know any spells.
Your spell library was empty.

Dungeon Overview and Level Annotations

Branches:
Dungeon (2/15)

Altars:


Innate Abilities, Weirdness & Mutations

You cannot wear most types of armour.
You are very stealthy in the water. (Stealth+)
You are amphibious.
You can wear up to eight rings at the same time.
You can use your tentacles to constrict eight enemies at once.
Your skin changes colour to match your surroundings (Stealth+).
Your rubbery body absorbs attacks. (AC +1, EV +1)


Message History

You closely miss the rat. You grab the rat. You squeeze the rat.
The rat is moderately wounded.
You constrict the rat.
You kill the rat!
Trog accepts your kill.
The gnoll shouts! x3
Found a stone staircase leading down.
The gnoll hits you with a +0 flail!
You closely miss the gnoll. Your grab misses the gnoll.
You closely miss the gnoll. The gnoll misses you.
The gnoll barely misses you. x2
There are monsters nearby!
You completely miss the gnoll. You grab the gnoll. You barely miss the gnoll.
You constrict the gnoll. The gnoll hits you.
The gnoll hits you with a +0 flail! The gnoll closely misses you.
A red film seems to cover your vision as you go berserk!
You feel yourself moving faster!
You feel mighty!
You constrict the gnoll. The gnoll completely misses you.
The gnoll hits you with a +0 flail!
* * * LOW HITPOINT WARNING * * *
The gnoll hits you from afar with a +0 spear.
You die...

#.# #... # #.# #...
#.#### #.# #... #.#...
#######.####... ##>....
...........'...
.....#.#+#######.####...
.......g.........#######
......g.................
......g@.........#######
.................#######
........................
.......#################
....... ....... ##
....... #. ....... #. #.


You could see 3 gnolls.

Vanquished Creatures
  An adder (D:2)
  A worm (D:2)
  A dart slug (D:1)
  2 leopard geckos
  A giant cockroach (D:2)
  6 goblins
  4 hobgoblins
  2 jackals (D:1)
  4 kobolds
  2 ball pythons (D:1)
  3 bats
  A frilled lizard (D:2)
  4 rats
32 creatures vanquished.

Notes
Turn   | Place    | Note
-------+----------+-------------------------------------------
     0 | D:1      | Froggeryz the Octopode Berserker began the quest for the
                  | Orb.
     0 | D:1      | Reached XP level 1. HP: 16/16 MP: 1/1
   162 | D:1      | Reached XP level 2. HP: 21/21 MP: 2/2
   655 | D:1      | Reached skill level 4 in Axes
   876 | D:2      | Reached XP level 3. HP: 23/26 MP: 3/3
  1023 | D:2      | Reached ** piety under Trog
  1364 | D:2      | HP: 1/39 [gnoll/+0 flail (11)]
  1364 | D:2      | Slain by a gnoll

Illustrated notes

Levels and vault maps discovered:
D:1:      amcnicky_arrival_underground_garden, layout_loops_ring
D:2:      minmay_evil_eye, layout_basic, lemuel_zombie_altar_kikubaaqudgha,
          minmay_overflow_temple_star_quad

Skill      XL: |  1  2 |
---------------+-------+-----
Axes           | 4 |  4.6
Fighting       | |  3.0
Dodging        | |  3.0

Action                   || total
-------------------------++-------
Melee: Hand axe          ||    58
       Constrict         ||    22
       Tentacles         ||    15
Invok: Berserk           ||     1
 Stab: Sleeping          ||    12
Armor: Skin              ||     1
Dodge: Dodged            ||    31
